 Dungeon Crawl Stone Soup version 0.31-a0-986-g5e6e4ef867 (webtiles) character file.

Game seed: 16035189979281620777

13600054 Doj the Shapeless Troll (level 27, 311/311 HPs)
             Began as a Troll Shapeshifter on Nov 12, 2023.
             Was an Initiate of Gozag.
             Escaped with the Orb
             ... and 15 runes on Nov 15, 2023!
             The game lasted 10:10:34 (117403 turns).

Doj the Shapeless Troll (Troll Shapeshifter)      Turns: 117403, Time: 10:10:35

Health: 311/311    AC: 32    Str: 50    XL:     27
Magic:  31/31      EV: 15    Int:  6    God:    Gozag
Gold:   4384       SH: 38    Dex: 13    Spells: 42/44 levels left

rFire   + +          .
                       - Unarmed
rCold   + + +        a - +8 tower shield
rNeg    + + +        C - +5 gold dragon scales
rPois   ∞            c - +0 mask of the Dragon {Will+ Slay+3 SInv}
rElec   +            r - scarf of Free Expression {repulsion, rElec rPois Dex+4 Stlth-}
rCorr   .            (gloves unavailable)
SInv    +            (boots unavailable)
Will    ++++.        J - amulet "Onirorr" {Reflect Str+4 SH+5} Stlth
                     t - ring of the Octopus King {rC+ HP+2 AC+2 EV+2 SH+2}
HPRegen 1.51/turn    Y - ring "Jemat" {rF+ Str+6}
MPRegen 0.22/turn

%: repel missiles, reflection
@: death-form, gold aura
A: vile attack, torment immunity, no potions, large, unfitting armour, claws 3,
regeneration 1, shaggy fur 1, tough skin 1, antennae 1, hooves 1, low MP 1,
inability to drink after injury 1
0: Orb of Zot
}: 15/15 runes: decaying, slimy, silver, golden, iron, obsidian, icy, bone,
abyssal, demonic, glowing, magical, fiery, dark, gossamer
a: Siphon Essence, Begin Untransformation, Renounce Religion, Potion Petition,
Call Merchant, Bribe Branch


You escaped.
You worshipped Gozag.
Gozag was most pleased with you.
You were an undying horror.
You visited 18 branches of the dungeon, and saw 87 of its levels.
You visited Pandemonium 2 times, and saw 17 of its levels.
You visited the Abyss 1 time.
You also visited: Trove, Bailey, Ice Cave, Volcano and Desolation.

You collected 62322 gold pieces.
You spent 8407 gold pieces at shops.
You paid 49531 gold pieces to Gozag.

Inventory:

Hand Weapons
 E - the +6 sword of Cerebov {flame}
   (You took it off Cerebov in Pandemonium)
 T - the +9 flail of Doj's Bloody Death {heavy, Str+3 Dex+3}
   (You found it on level 5 of the Vaults)

   Str+3:     It affects your strength (+3).
   Dex+3:     It affects your dexterity (+3).
Missiles
 b - 5 javelins
 h - 6 throwing nets
 p - 4 curare-tipped darts
 N - 7 silver javelins (quivered)
 W - 185 large rocks
Armour
 a - a +8 tower shield (worn)
 c - the +0 mask of the Dragon (worn) {Will+ Slay+3 SInv}
   (You found it in a treasure trove)

   Slay+3:    It affects your accuracy & damage with ranged weapons and melee
   (+3).
   Will+:     It increases your willpower.
   SInv:      It lets you see invisible.
 k - a scarf of resistance
 q - the +1 cloak "Pugiw" {Will+ Str+4}
   (You found it on level 5 of the Pits of Slime)

   Str+4:     It affects your strength (+4).
   Will+:     It increases your willpower.
 r - the scarf of Free Expression (worn) {repulsion, rElec rPois Dex+4 Stlth-}
   (You acquired it on level 4 of the Dungeon)

   Dex+4:     It affects your dexterity (+4).
   rElec:     It insulates you from electricity.
   rPois:     It protects you from poison Stlth-: It makes you less stealthy.
 C - +5 gold dragon scales (worn)
 P - the orb of Dispater {+Damnation *Corrode AC+5}
   (You took it off Dispater on level 7 of the Iron City of Dis)

   +Damnation: It grants the ability to hurl damnation at the cost of health and
   magic, with strength depending on Evocations skill.
   AC+5:      It affects your AC (+5).
   *Corrode:  It may corrode you when you take damage.
Jewellery
 j - the amulet of Otzui {Acrobat Fly rPois rN+}
   (You found it in the Desolation of Salt)

   [amulet of the acrobat]

   Acrobat:   It increases your evasion while moving and waiting.
   rPois:     It protects you from poison rN+: It protects you from negative
   energy.
   Fly:       It grants you flight.
 n - a +4 ring of protection
 t - a ring of the Octopus King (left claw) {rC+ HP+2 AC+2 EV+2 SH+2}
   (You found it on level 7 of Gehenna)

   [ring of protection from cold]

   AC+2:      It affects your AC (+2).
   EV+2:      It affects your evasion (+2).
   rC+:       It protects you from cold.
   HP+2:      It affects your health (+2).
   SH+2:      It affects your SH (+2).
 z - the ring of Sitreomp {rElec rC++ rCorr Str-5 Int+2}
   (You took it off a deep elf annihilator on level 3 of the Elven Halls)

   [ring of resist corrosion]

   Str-5:     It affects your strength (-5).
   Int+2:     It affects your intelligence (+2).
   rC++:      It greatly protects you from cold.
   rElec:     It insulates you from electricity.
   rCorr:     It protects you from acid and corrosion.
 D - the ring of the Townfolk {Int+2 Dex+3 Slay+2 SInv}
   (You found it on level 6 of the Dungeon)

   [ring of see invisible]

   Int+2:     It affects your intelligence (+2).
   Dex+3:     It affects your dexterity (+3).
   Slay+2:    It affects your accuracy & damage with ranged weapons and melee
   (+2).
   SInv:      It lets you see invisible.
 F - a ring of flight
 J - the amulet "Onirorr" (around neck) {Reflect Str+4 SH+5}
   (You found it in a treasure trove)

   [amulet of reflection]

   Reflect:   It reflects blocked missile attacks.
   Str+4:     It affects your strength (+4).
   SH+5:      It affects your SH (+5).
 M - a ring of willpower
 Y - the ring "Jemat" (right claw) {rF+ Str+6}
   (You took it off a deep elf master archer on level 3 of the Elven Halls)

   [ring of strength]

   Str+6:     It affects your strength (+6).
   rF+:       It protects you from fire.
 Z - a ring of protection from cold
Talismans
 l - a storm talisman
 o - a granite talisman
 w - a dragon-blood talisman
 y - a talisman of death (active)
Wands
 Q - a wand of digging (22)
Scrolls
 e - 21 scrolls of teleportation
 v - 12 scrolls of poison
 x - 5 scrolls of immolation
 H - 14 scrolls of enchant weapon
 L - 6 scrolls of silence
 O - 7 scrolls of fear
 U - 12 scrolls of revelation
 V - a scroll of blinking
 X - 3 scrolls of summoning
Potions
 d - 17 potions of curing
 f - 19 potions of heal wounds
 i - 10 potions of haste
 s - 7 potions of lignification
 u - 3 potions of resistance
 A - 17 potions of mutation
 B - 5 potions of berserk rage
 G - 14 potions of might
 K - 10 potions of attraction
 R - 8 potions of cancellation
Miscellaneous
 g - a box of beasts
 m - the horn of Geryon
 I - a figurine of a ziggurat
 S - a phantom mirror


   Skills:
 + Level 24.2 Fighting
 + Level 20.7 Throwing
 + Level 20.9 Armour
 + Level 18.2 Dodging
 + Level 24.2 Shields
 O Level 27 Unarmed Combat
 - Level 9.1 Spellcasting
 - Level 12.1 Necromancy
 + Level 11.0 Evocations
 O Level 27 Shapeshifting


You had 42 spell levels left.
You knew the following spells:

 Your Spells              Type           Power      Damage    Failure   Level
a - Passwall              Tmut/Erth      1%         N/A       78%         2

Your spell library contained the following spells:

 Spells                   Type           Power      Damage    Failure   Level
 Necrotise                Necr           68%        1d7       1%          1
 Sublimation of Blood     Necr           17%        N/A       1%          2
 Vampiric Draining        Necr           17%        2d7       1%          3
 Dispel Undead            Necr           17%        3d10      6%          4
 Kiss of Death            Conj/Necr      40%        2d8       7%          1
 Agony                    Necr           17%        N/A       16%         5
 Cigotuvi's Dreadful Rot  Necr/Pois/Air  14%        N/A       24%         2
 Anguish                  Hex/Necr       5%         N/A       56%         4
 Apportation              Tloc           4%         N/A       65%         1
 Freeze                   Ice            8%         1d3       65%         1
 Magic Dart               Conj           8%         1d3       65%         1
 Sandblast                Erth           4%         2d4       65%         1
 Shock                    Conj/Air       8%         1d3       65%         1
 Slow                     Hex            8%         N/A       65%         1
 Sting                    Tmut/Pois      8%         1d3       65%         1
 Summon Small Mammal      Summ           8%         N/A       65%         1
 Death Channel            Necr           8%         N/A       65%         6
 Blink                    Tloc           4%         N/A       78%         2
 Call Imp                 Summ           4%         N/A       78%         2
 Ensorcelled Hibernation  Hex/Ice        4%         N/A       78%         2
 Lesser Beckoning         Tloc           4%         N/A       78%         2
 Momentum Strike          Conj/Tloc      4%         3d8       78%         2
 Poisonous Vapours        Pois/Air       4%         N/A       78%         2
 Searing Ray              Conj           4%         2d4       78%         2
 Static Discharge         Conj/Air       4%         3-4/arc   78%         2
 Wereblood                Tmut           2%         N/A       78%         2
 Borgnjor's Vile Clutch   Necr/Erth      5%         N/A       89%         5
 Confusing Touch          Hex            2%         N/A       95%         3
 Dazzling Flash           Conj/Hex       4%         N/A       95%         3
 Frozen Ramparts          Ice            4%         1d1       95%         3
 Gell's Gravitas          Tloc           2%         N/A       95%         3
 Hailstorm                Conj/Ice       2%         3d3       95%         3
 Ignite Poison            Fire/Tmut/Pois 2%         N/A       95%         3
 Inner Flame              Hex/Fire       2%         N/A       95%         3
 Mephitic Cloud           Conj/Pois/Air  2%         N/A       95%         3
 Ozocubu's Armour         Ice            2%         N/A       95%         3
 Sigil of Binding         Hex            2%         N/A       95%         3
 Stone Arrow              Conj/Erth      4%         3d7       95%         3
 Summon Guardian Golem    Hex/Summ       2%         N/A       95%         3
 Swiftness                Air            2%         N/A       95%         3
 Teleport Other           Tloc           2%         N/A       95%         3
 Tukima's Dance           Hex            2%         N/A       95%         3
 Volatile Blastmotes      Fire/Tloc      4%         2d10      95%         3
 Airstrike                Air            1%         2d(1-17)  100%        4
 Animate Armour           Summ/Erth      4%         N/A       100%        4
 Brom's Barrelling Bould  Conj/Erth      2%         2d3       100%        4
 Cause Fear               Hex            1%         N/A       100%        4
 Dimensional Bullseye     Hex/Tloc       1%         N/A       100%        4
 Flame Wave               Conj/Fire      2%         2d4       100%        4
 Fulminant Prism          Conj/Hex       1%         3d5       100%        4
 Iskenderun's Mystic Bla  Conj/Tloc      2%         2d3       100%        4
 Leda's Liquefaction      Hex/Erth       1%         N/A       100%        4
 Olgreb's Toxic Radiance  Pois           2%         N/A       100%        4
 Passage of Golubria      Tloc           2%         N/A       100%        4
 Petrify                  Tmut/Erth      2%         N/A       100%        4
 Sticky Flame             Conj/Fire      2%         2d3       100%        4
 Summon Ice Beast         Ice/Summ       2%         N/A       100%        4
 Summon Lightning Spire   Summ/Air       2%         N/A       100%        4
 Vhi's Electric Charge    Tloc/Air       4%         N/A       100%        4
 Alistair's Intoxication  Tmut/Pois      1%         N/A       100%        5
 Arcjolt                  Conj/Air       1%         1d11      100%        5
 Fireball                 Conj/Fire      1%         3d3       100%        5
 Freezing Cloud           Conj/Ice/Air   1%         6-21      100%        5
 Irradiate                Conj/Tmut      1%         3d12      100%        5
 Iskenderun's Battlesphe  Conj           2%         2d6       100%        5
 Lee's Rapid Deconstruct  Erth           1%         3d4*      100%        5
 Metabolic Englaciation   Hex/Ice        1%         N/A       100%        5
 Silence                  Hex/Air        1%         N/A       100%        5
 Summon Forest            Summ/Tloc      1%         N/A       100%        5
 Summon Mana Viper        Hex/Summ       2%         N/A       100%        5
 Yara's Violent Unravell  Hex/Tmut       1%         3d3       100%        5
 Bombard                  Conj/Erth      1%         9d1       100%        6
 Conjure Ball Lightning   Conj/Air       1%         3x3d6     100%        6
 Dispersal                Tloc           1%         N/A       100%        6
 Eringya's Noxious Bog    Tmut/Pois      1%         4d6       100%        6
 Plasma Beam              Fire/Air       1%         2x1d11    100%        6
 Summon Cactus Giant      Summ           1%         N/A       100%        6
 Enfeeble                 Hex            1%         N/A       100%        7
 Haunt                    Necr/Summ      5%         N/A       100%        7
 Malign Gateway           Summ/Tloc      1%         N/A       100%        7
 Monstrous Menagerie      Summ           1%         N/A       100%        7
 Orb of Destruction       Conj           1%         9d5       100%        7
 Ozocubu's Refrigeration  Ice            1%         4d7       100%        7
 Spellforged Servitor     Conj/Summ      1%         N/A       100%        7
 Summon Hydra             Summ           1%         N/A       100%        7
 Borgnjor's Revivificati  Necr           8%         N/A       100%        8
 Discord                  Hex            1%         N/A       100%        8
 Ignition                 Fire           1%         3d3       100%        8
 Infestation              Necr           8%         N/A       100%        8
 Lehudib's Crystal Spear  Conj/Erth      1%         10d2      100%        8
 Chain Lightning          Conj/Air       1%         3d1       100%        9
 Death's Door             Necr           8%         N/A       100%        9
 Dragon's Call            Summ           1%         N/A       100%        9
 Fire Storm               Conj/Fire      1%         7d1       100%        9
 Polar Vortex             Ice            1%         N/A       100%        9
 Shatter                  Erth           1%         3d5*      100%        9
 Animate Dead             Necr           Unusable   N/A       N/A         4
 Simulacrum               Ice/Necr       Unusable   N/A       N/A         6

Dungeon Overview and Level Annotations

Branches:
Dungeon (15/15)            Temple (1/1) D:7            Lair (5/5) D:11
  Swamp (4/4) Lair:2       Spider (4/4) Lair:2        Slime (5/5) Lair:5
    Orc (2/2) D:9             Elf (3/3) Orc:2        Vaults (5/5) D:13
  Crypt (3/3) Vaults:2       Tomb (3/3) Crypt:3      Depths (4/4) D:15
   Hell (visited)             Dis (7/7) Hell            Geh (7/7) Hell
    Coc (7/7) Hell            Tar (7/7) Hell            Zot (5/5) Depths:4
 Bailey (visited)           IceCv (visited)         Volcano (visited)
Desolation (visited)

Altars:
Ashenzari
Cheibriados
Dithmenos
Elyvilon
Fedhas
Gozag
Hepliaklqana
Kikubaaqudgha
Makhleb
Nemelex Xobeh
Okawaru
Qazlal
Ru
Sif Muna
Trog
Uskayaw
Vehumet
Wu Jian
Xom
Yredelemnul
Zin
The Shining One
Jiyva

Shops:
D:3 *   D:4 *((*[   D:13 (   Orc:1 (!*[   Orc:2 (*(!*[[?   Elf:1 :   Vaults:1 =
Vaults:2 (   Vaults:4 *   Vaults:5 [   Depths:2 ****:

Portals:
Hell: Depths:1 Depths:2 Depths:3 Depths:4
Abyss: Depths:3
Pandemonium: Depths:1 Depths:2
Ziggurat: Depths:1

Annotations:
Spider:3 1 runed translucent door, Fogaerej's ghost, adept AtBe; Roxanne
Vaults:3 1 runed translucent door, Asumeq's ghost, veteran GrFi


Innate Abilities, Weirdness & Mutations

You are an undying horror.
Your melee and unarmed attacks drain, slow and weaken victims.
You are immune to unholy pain and torment.
You cannot drink.
You are immune to poison.
You are too large for most types of armour.
You have claws for hands.
Your natural rate of healing is unusually fast.
You are covered in fur. (AC +1)
You have tough skin. (AC +1)
You have a pair of small antennae on your head.
You have large cloven feet.
Your magical capacity is low. (-10% MP)
You occasionally lose the ability to drink potions when taking damage.


Message History

You see here a +0 halberd.
There is a stone staircase leading up here.
You climb upwards.
There is a stone staircase leading down here.
There is a stone staircase leading up here.
You climb upwards.
There is a stone staircase leading down here.
What level of the Dungeon? (default 5, ? - help)
There is an entrance to Nimauquo's Assorted Antiques here.
A lorocyproca comes into view.
The lorocyproca moves out of view.
There is a stone staircase leading up here.
You climb upwards.
There is a stone staircase leading down here.
What level of the Dungeon? (default 1, ? - help)
An Ice Fiend comes into view.
The Ice Fiend gestures at you. The bolt of cold hits you. You resist.
You eviscerate the Ice Fiend!!!
The Ice Fiend decays.
You kick the Ice Fiend!
The Ice Fiend is heavily wounded.
You eviscerate the Ice Fiend!!!
You kill the Ice Fiend!
A Brimstone Fiend comes into view.
There is an open door here.
You eviscerate the Brimstone Fiend!!!!
You kill the Brimstone Fiend!
You now have 4384 gold pieces (gained 18).
There is a stone staircase leading up here.
You climb upwards.
There is a stone staircase leading down here.
There is a stone staircase leading up here.
You climb upwards.
There is a stone staircase leading down here.
A rust devil comes into view.
There is a staircase leading out of the dungeon here.
You block the rust devil's attack.
You eviscerate the rust devil!!!!
You kill the rust devil!
There is a staircase leading out of the dungeon here.
You have escaped!

#............................
#.......###.....#############
#...)...#.......#########
#.......................#
##########.♣♣♣♣♣♣♣♣♣........#
......# #.♣PP..PP..♣.......#
......# #.♣PP..P$..♣.......#
....).####.♣..PP...P♣.......#
.....>.....♣..P.z.PP♣.......# #
##.######..♣PP...P..♣.......# ##
#.## ##.♣P..[PP..♣.......# #.
#..# #.♣...P..PP♣.......####.
#..## ##.♣..PP..PP♣......†#....
#...# #...♣♣♣♣♣♣♣♣♣......#..###
##...####..............##....####
.......................#.........
..............>..................


There were no monsters in sight!

Vanquished Creatures
  Cerebov (Pan)
  Antaeus (Coc:7)
  Asmodeus (Geh:7)
  Ereshkigal (Tar:7)
  the Royal Jelly (Slime:5)
  Gloorx Vloq (Pan)
  Lom Lobon (Pan)
  Mnoleg (Pan)
  Dispater (Dis:7)
  Khufu (Crypt:3)
  7 ancient liches
  4 dread liches
  Mennas (Pan)
  An orb of fire (Zot:5)
  Mara (Vaults:1)
  39 royal mummies
  2 juggernauts (Dis:7)
  Josephina (Depths:2)
  8 pandemonium lords (Pan)
  Sojobo (Vaults:5)
  2 Killer Klowns
  Xtahua (Crypt:1)
  Frederick (Vaults:4)
  Margery (Crypt:3)
  22 shard shrikes
  Saint Roka (Depths:3)
  25 caustic shrikes
  2 curse toes
  Geryon (Hell)
  8 golden dragons
  Jory (Vaults:4)
  10 profane servitors
  9 electric golems
  10 doom hounds
  A pearl dragon (Abyss:5)
  3 spectral shard shrikes
  19 iron giants
  13 Brimstone Fiends
  25 bone dragons
  19 Tzitzimimeh
  20 tentacled monstrosities
  22 Hell Sentinels
  25 Ice Fiends
  13 hellephants
  Jorgrun (Orc:2)
  18 tainted leviathans
  10 liches
  3 Orb Guardians
  17 searing wretches
  2 deep elf blademasters (Elf:3)
  24 acid blobs
  2 deep elf master archers (Elf:3)
  7 sphinxes
  A walking frostbound tome (Depths:1)
  15 titans
  9 tentacled starspawn
  5 death cobs
  9 quicksilver dragons
  31 Executioners (Pan)
  Kirke (Lair:5)
  26 ancient champions
  Gastronok (D:11)
  9 tengu reavers
  9 shadow dragons
  Donald (Vaults:4)
  12 rockslimes
  18 storm dragons
  9 demonspawn warmongers (Pan)
  Aizul (Swamp:2)
  A draconian monk (Zot:2)
  16 azure jellies
  7 revenants
  16 frost giants
  A fenstrider witch (Swamp:3)
  11 narguns
  4 draconian knights
  6 quicksilver elementals
  10 deep elf sorcerers
  7 emperor scorpions
  24 fire giants
  2 spectral juggernauts
  9 ghost moths
  Louise (Lair:2)
  An imperial myrmidon (Desolation)
  4 draconian scorchers
  42 balrugs
  29 vault wardens
  3 spectral caustic shrikes
  9 draconian shifters
  8 iron dragons
  3 curse skulls
  A deep elf elementalist (Elf:3)
  9 shard shrike simulacra
  9 draconian stormcallers
  An angel (Abyss:5)
  12 demonspawn corrupters
  5 ghouls
  10 draconian annihilators
  3 quicksilver oozes (Slime:5)
  20 reapers
  3 broodmothers
  20 ironbound preservers
  23 war gargoyles
  A broodmother (shapeshifter) (D:14)
  8 vampire knights
  15 very ugly things
  8 formless jellyfish
  25 cacodemons
  10 demonspawn blood saints (Pan)
  3 spriggan defenders
  16 black draconians
  6 ironbound thunderhulks
  4 deep elf demonologists
  8 bennus
  3 deep elf annihilators (Elf:3)
  5 green draconians
  A caustic shrike skeleton (Pan)
  20 stone giants
  25 elemental wellsprings
  9 white draconians
  14 lorocyprocas
  A spectral titan (Tar:3)
  2 halazid warlocks (Desolation)
  40 putrid mouths
  11 purple draconians
  15 dire elephants
  5 eleionomae
  13 red draconians
  10 demonspawn black suns (Pan)
  A spark wasp (shapeshifter) (Depths:1)
  6 eidola
  20 iron golems
  10 bunyips
  16 wendigos
  12 spark wasps
  A spectral quicksilver dragon (Tar:3)
  6 yellow draconians
  28 blizzard demons
  5 deep elf death magi
  27 green deaths
  A spectral golden dragon (Tar:3)
  A merfolk javelineer (Depths:1)
  10 ettins
  3 crystal guardians
  9 fire dragons
  14 jiangshi
  22 yaktaur captains
  7 great orbs of eyes
  3 spectral spriggans
  A kraken zombie (Hell)
  28 mummy priests
  9 entropy weavers
  A shambling mangrove (Swamp:1)
  8 ragged hierophants (Desolation)
  5 deep elf high priests
  15 ice dragons
  40 vault guards
  12 salamander tyrants
  7 servants of whispers (Desolation)
  An entropy weaver (shapeshifter) (Elf:2)
  15 rakshasas
  Harold (D:10)
  A great orb of eyes (shapeshifter) (Vaults:4)
  6 peacekeepers
  5 hell beasts
  7 juggernaut simulacra
  8 ironbound frosthearts
  12 caustic shrike simulacra
  8 spriggan air magi
  8 hydras
  2 catoblepae
  9 alligators
  A jorogumo (Spider:3)
  2 spectral stone giants
  3 centaur warriors
  5 death knights
  3 ghost crabs
  2 ogre magi (Vaults:5)
  6 two-headed ogres
  6 stokers
  4 radroaches
  6 death yaks (Lair:2)
  32 dancing weapons
  6 tengu warriors
  21 boulder beetles
  3 spectral dire elephants
  A death yak (shapeshifter) (Vaults:5)
  5 holy swine (Pan)
  4 vampire magi
  6 deep troll shamans
  A bennu skeleton (Crypt:2)
  6 spectral nagas
  34 demonic crawlers
  15 hell hogs
  An orc high priest (Orc:2)
  7 deep troll earth magi
  32 hell knights
  6 thrashing horrors
  85 death scarabs
  A titan zombie (Crypt:3)
  3 shock serpents (Zot:4)
  Urug (D:11)
  8 deep elf knights
  A shock serpent (shapeshifter) (Vaults:5)
  6 wretched stars
  81 sun demons
  5 skysharks (Lair:5)
  A storm dragon skeleton (Crypt:2)
  6 crystal echidnas
  11 spriggan berserkers
  41 skeletal warriors
  32 soul eaters
  3 sun moths
  A fire crab (Lair:5)
  7 iron trolls
  32 shadow wraiths
  39 sixfirhies
  A spatial maelstrom (Abyss:5)
  7 spectral anacondas
  11 pharaoh ants
  4 goliath frogs
  3 quicksilver dragon simulacra
  58 deep trolls
  2 spark wasp zombies
  A death drake (Abyss:5)
  A death drake (shapeshifter) (Vaults:5)
  6 glowing orange brains
  25 shadow demons (Pan)
  5 orb spiders
  5 spriggan simulacra
  4 spriggan druids
  8 flayed ghosts
  A kraken simulacrum (Hell)
  8 steelbarb worms
  4 swamp dragons
  17 ironbound convokers
  An orange crystal statue (IceCv)
  3 lindwurms
  A spectral iron dragon (Crypt:3)
  A bog body (Swamp:2)
  14 arcanists
  4 spectral hydras
  9 phantasmal warriors
  2 orc knights
  19 deep elf pyromancers
  An anaconda skeleton (Pan)
  A tengu zombie (Hell)
  6 deep elf archers
  A fenstrider witch simulacrum (Coc:1)
  A mana viper (shapeshifter) (Depths:2)
  25 deep elf zephyrmancers
  18 harpies
  12 necromancers
  An alligator zombie (Hell)
  2 stone giant zombies
  67 ugly things
  A sphinx simulacrum (Depths:2)
  6 orc sorcerers
  A fire giant zombie (Hell)
  2 spectral ettins (Tar:3)
  7 shining eyes
  4 will-o-the-wisps
  2 worldbinders
  8 cyclopes
  A spectral alligator snapping turtle (Tar:3)
  4 manticores
  25 wolf spiders
  An ice statue (Swamp:1)
  2 apocalypse crabs (Abyss:3)
  25 elephants
  10 black mambas
  64 smoke demons
  34 moths of wrath
  3 guardian serpents (Desolation)
  A frost giant skeleton (Vaults:5)
  8 titan simulacra
  9 rust devils
  7 eyes of devastation
  4 gargoyles
  7 torpor snails
  33 orange demons
  16 vault sentinels
  7 cane toads
  11 molten gargoyles
  7 unseen horrors
  2 naga skeletons
  18 rime drakes
  46 hellions
  An alligator snapping turtle zombie (Tomb:1)
  3 anaconda simulacra
  A dire elephant skeleton (Tomb:3)
  3 centaur skeletons (Pan)
  2 bunyip simulacra (Coc:2)
  A redback zombie (Crypt:1)
  9 efreet
  11 komodo dragons
  A spectral skyshark (Lair:2)
  44 yaktaurs
  A yaktaur (shapeshifter) (Elf:3)
  9 ice devils
  A golden dragon simulacrum (Coc:2)
  38 tormentors
  18 freezing wraiths
  7 ancient zymes
  2 bloated husks
  53 guardian mummies
  A sea snake skeleton (Hell)
  5 tengu conjurers (Depths:4)
  An iron giant simulacrum (Coc:5)
  3 meliai (Spider:1)
  5 spectral harpies
  3 silent spectres
  4 hydra zombies (Hell)
  11 trolls
  11 red devils
  18 polar bears
  A harpy skeleton (Tomb:1)
  7 tyrant leeches
  11 hornets
  Grinder (D:4)
  16 wind drakes (Pan)
  23 raiju
  16 hellwings
  26 tarantellas
  8 glass eyes
  An ettin zombie (Vaults:5)
  A guardian serpent zombie (Crypt:2)
  A raiju (shapeshifter) (Vaults:4)
  13 blink frogs
  2 hydra skeletons
  A snapping turtle (shapeshifter) (D:14)
  63 large abominations
  54 saltlings (Desolation)
  A fire dragon zombie (Tomb:1)
  A radroach zombie (Crypt:2)
  6 spriggan zombies
  66 flying skulls
  A human simulacrum (Vaults:2)
  3 stone giant simulacra
  An iron dragon simulacrum (Coc:1)
  22 jumping spiders
  A spectral black mamba (Tar:1)
  22 culicivoras
  7 shadows
  5 air elementals
  An ice dragon skeleton (Tomb:1)
  68 slime creatures
  16 spriggans
  11 wraiths
  15 water elementals
  3 centaur simulacra
  A vampire (D:12)
  A black mamba skeleton (Pan)
  5 dire elephant simulacra
  46 ynoxinuls
  A hog (Lair:5)
  2 spriggan skeletons
  7 fire bats
  19 starcursed masses
  7 wyverns
  20 ushabtiu
  An elf zombie (Vaults:5)
  5 fire elementals
  29 golden eyes
  19 yaks
  A wind drake zombie (Crypt:1)
  An alligator snapping turtle simulacrum (Coc:1)
  11 small abominations
  8 basilisks
  36 neqoxecs
  2 steam dragons
  9 vampire mosquitoes
  22 chaos spawn
  2 swamp worm simulacra (Swamp:4)
  49 redbacks
  2 wargs
  Grum (D:11)
  19 harpy simulacra
  A swamp worm (shapeshifter) (Vaults:5)
  3 glowing shapeshifter zombies
  15 hydra simulacra
  3 acid dragons
  11 swamp worms
  An ogre skeleton (Vaults:5)
  19 water moccasins
  A merfolk skeleton (Crypt:2)
  13 hell hounds
  24 orc warriors
  3 ettin simulacra
  6 swamp drakes
  3 human zombies
  2 sky beasts
  4 black bears
  25 wolves
  A black mamba simulacrum (Coc:1)
  7 ogres
  15 centaurs
  An ice dragon simulacrum (Coc:1)
  3 kobold brigands
  A phantom (D:5)
  2 gnoll sergeants
  Blork the orc (D:5)
  16 bullfrogs
  5 necrophages
  2 naga simulacra
  4 earth elementals
  6 scorpions
  A spectral water moccasin (Lair:2)
  10 wights
  A raiju zombie (Crypt:1)
  12 killer bees
  4 howler monkeys
  A wolf skeleton (Crypt:1)
  An electric eel (D:14)
  5 lava snakes (Lair:5)
  A quasit (Abyss:3)
  3 hounds
  27 orc priests
  Crazy Yiuf (D:4)
  4 sleepcaps
  Natasha (thrice) (D:4)
  5 iguanas
  37 orc wizards
  5 lightning spires (Zot:4)
  A boggart skeleton (Crypt:1)
  A deep dwarf skeleton (Crypt:1)
  A boggart simulacrum (D:15)
  45 mummies
  A howler monkey zombie (Crypt:1)
  18 gnolls
  12 adders
  2 shadow imps (Tar:7)
  A white imp (D:5)
  8 ufetubi
  6 swamp drake simulacra (Swamp:4)
  A worm zombie (Crypt:1)
  3 worms
  3 dart slugs
  75 orcs
  5 bats
  9 endoplasms
  4 giant cockroaches
  16 goblins
  13 hobgoblins
  8 jackals
  14 kobolds
  2 quokkas (D:1)
  12 ball pythons
  2 frilled lizards
  A hobgoblin skeleton (Crypt:2)
  6 rats
  6 ball lightnings
  6 creeping infernos
  8 fire vortices
  2 lurking horrors
  5 starspawn tentacles
  2 tentacles (Hell)
4613 creatures vanquished.

Vanquished Creatures (collateral kills)
  2 ancient liches (Zot:5)
  A caustic shrike (Zot:5)
  A bone dragon (Abyss:3)
  An electric golem (Zot:5)
  7 Orb Guardians (Zot:5)
  A draconian scorcher (Zot:5)
  A draconian annihilator (Zot:5)
  A green draconian (Zot:5)
  A white draconian (Zot:5)
  A smoke demon (Abyss:3)
  A small abomination (Abyss:3)
  A black bear (shapeshifter) (Abyss:3)
19 creatures vanquished.

Vanquished Creatures (others)
  4 ancient liches (Zot:5)
  2 dread liches (Zot:5)
  2 orbs of fire (Zot:5)
  2 shard shrikes
  A Killer Klown (Zot:5)
  A tentacled monstrosity (Zot:5)
  16 Orb Guardians (Zot:5)
  A shadow dragon (Zot:5)
  A draconian scorcher (Zot:5)
  2 draconian shifters (Zot:4)
  A shard shrike simulacrum (Coc:7)
  A reaper (Pan)
  A black draconian (Zot:4)
  A green draconian (Zot:5)
  2 purple draconians
  2 elemental wellsprings
  A white draconian (Zot:5)
  A wendigo (Coc:1)
  2 yellow draconians (Zot:5)
  A caustic shrike simulacrum (Coc:6)
  3 rakshasas (Abyss:3)
  A deep elf knight (Elf:2)
  A sixfirhy (Pan)
  A quicksilver dragon simulacrum (Coc:7)
  3 spriggan simulacra
  A deep elf pyromancer (D:15)
  A deep elf zephyrmancer (Elf:1)
  4 moths of wrath (Zot:5)
  4 titan simulacra
  2 smoke demons (Pan)
  A freezing wraith (Abyss:3)
  A tormentor (Coc:6)
  2 iron giant simulacra
  A golden dragon simulacrum (Coc:6)
  5 bloated husks
  2 stone giant simulacra
  A dire elephant simulacrum (Coc:6)
  3 water elementals
  2 harpy simulacra
  2 hydra simulacra
  An ettin simulacrum (Coc:6)
  A naga simulacrum (Coc:6)
  A white imp (Abyss:3)
  An ufetubus (Abyss:3)
  An orc (Depths:3)
  9 ball lightnings
  A creeping inferno (Geh:7)
  A fire vortex (Geh:7)
  18 foxfires
  A lurking horror (Abyss:5)
  28 starspawn tentacles
  2 tentacles (Hell)
151 creatures vanquished.

Grand Total: 4783 creatures vanquished

Notes
Turn   | Place    | Note
-------+----------+-------------------------------------------
     0 | D:1      | Doj the Troll Shapeshifter began the quest for the Orb.
     0 | D:1      | Reached XP level 1. HP: 18/18 MP: 0/0
    37 | D:1      | Reached XP level 2. HP: 26/26 MP: 1/1
   233 | D:1      | Reached XP level 3. HP: 32/32 MP: 2/2
   607 | D:2      | Reached XP level 4. HP: 40/40 MP: 3/3
   927 | D:2      | Found a shimmering altar of Xom.
  1334 | D:3      | Reached XP level 5. HP: 46/46 MP: 4/4
  1504 | D:3      | Found Meabepta's General Store.
  1798 | D:4      | Found Sebuklofum's Antique Weapon Shoppe.
  1812 | D:4      | Reached skill level 5 in Unarmed Combat
  1880 | D:4      | Reached skill level 5 in Shapeshifting
  1880 | D:4      | Reached XP level 6. HP: 54/54 MP: 5/5
  1928 | D:4      | Found Nimauquo's Assorted Antiques.
  2048 | D:4      | Noticed Grinder
  2081 | D:4      | Killed Grinder
  2082 | D:4      | Reached XP level 7. HP: 44/61 MP: 6/6
  2094 | D:4      | Learned a level 2 spell: Passwall
  2110 | D:4      | Noticed Natasha
  2121 | D:4      | Killed Natasha
  2524 | D:4      | Noticed Natasha
  2536 | D:4      | Killed Natasha
  2558 | D:4      | Noticed Natasha
  2565 | D:4      | Killed Natasha
  2566 | D:4      | Found Jocuahiq's Antique Armour Shop.
  2583 | D:4      | Found Seme's General Store.
  2585 | D:4      | Found Apsuq's Weapon Shoppe.
  2892 | D:4      | Found a runed translucent door.
  2893 | D:4      | Noticed Crazy Yiuf
  2944 | D:5      | Entered Level 5 of the Dungeon
  3003 | D:5      | Noticed Blork the orc
  3010 | D:5      | Killed Blork the orc
  3086 | D:5      | Reached XP level 8. HP: 68/68 MP: 7/7
  3400 | D:5      | Reached skill level 1 in Throwing
  3456 | D:5      | Identified the +4 hand axe of the End {pain, Int+2}
  4453 | D:6      | Found an ancient bone altar of Kikubaaqudgha.
  4529 | D:6      | Identified the ring of the Townfolk {Int+2 Dex+3 Slay+2
                  | SInv}
  4848 | D:7      | Reached skill level 5 in Throwing
  4857 | D:7      | Reached XP level 9. HP: 75/75 MP: 8/8
  4880 | D:7      | Found a flagged portal.
  4903 | Bailey   | Entered a bailey
  5060 | Bailey   | Noticed a two-headed ogre
  5075 | Bailey   | Killed a two-headed ogre
  5129 | Bailey   | Identified the +7 short sword of Gomimno {heavy, rPois rF+
                  | Int-4 Dex+3}
  5549 | D:7      | Found a staircase to the Ecumenical Temple.
  5560 | Temple   | Entered the Ecumenical Temple
  5574 | Temple   | Became a worshipper of the Shining One
  6342 | D:8      | Reached XP level 10. HP: 83/83 MP: 9/9
  6752 | D:8      | Found a hazy altar of Hepliaklqana.
  6753 | D:8      | Found an opulent altar of Gozag.
  6758 | D:8      | Fell from the grace of the Shining One
  6758 | D:8      | Became a worshipper of Gozag Ym Sagoz the Greedy
  7513 | D:9      | Found a staircase to the Orcish Mines.
  7675 | D:9      | Reached skill level 10 in Unarmed Combat
  8196 | D:10     | Entered Level 10 of the Dungeon
  8219 | D:10     | Noticed Harold
  8384 | D:10     | Killed Harold
  8385 | D:10     | Reached skill level 10 in Throwing
  8528 | D:10     | Identified the +8 mace "Diybo Xiu" {freeze, rF+ Str+2}
  8595 | D:10     | Found a portal to a secret trove of treasure.
  8653 | D:10     | Reached skill level 10 in Shapeshifting
  8860 | D:3      | Bought a serpent talisman for 360 gold pieces
  9597 | D:11     | Noticed a manticore
  9602 | D:11     | Killed a manticore
  9603 | D:11     | Reached XP level 11. HP: 83/89 MP: 10/10
  9634 | D:11     | Noticed a boulder beetle
  9652 | D:11     | Killed a boulder beetle
  9653 | D:11     | Reached skill level 1 in Fighting
  9870 | D:11     | Noticed Urug
 10318 | D:11     | Found a staircase to the Lair.
 10354 | D:11     | Identified a scroll of acquirement
 10401 | D:10     | Acquired 812 gold pieces
 10513 | D:11     | Noticed Grum
 10525 | D:11     | Killed Grum
 10560 | D:11     | Noticed Gastronok
 10580 | D:11     | Killed Gastronok
 10821 | D:11     | Killed Urug
 11282 | D:12     | Noticed a skeletal warrior
 11311 | D:12     | Noticed a two-headed ogre
 11325 | D:12     | Killed a two-headed ogre
 11505 | D:12     | Noticed a skeletal warrior
 11523 | D:12     | Killed a skeletal warrior
 11753 | D:12     | Noticed a skeletal warrior
 11773 | D:12     | Killed a skeletal warrior
 11797 | D:12     | Killed a skeletal warrior
 11988 | D:12     | Reached XP level 12. HP: 101/105 MP: 11/11
 12180 | D:13     | Noticed a six-headed hydra
 12185 | D:13     | Noticed an entropy weaver
 12190 | D:12     | Killed a six-headed hydra
 12469 | D:12     | Noticed a two-headed ogre
 12472 | D:12     | Noticed a two-headed ogre
 12477 | D:12     | Noticed a two-headed ogre
 12787 | D:12     | Killed a two-headed ogre
 12890 | D:12     | Killed a two-headed ogre
 12905 | D:12     | Killed a two-headed ogre
 13238 | D:13     | Found Ywiqeukh's Weapon Boutique.
 13281 | D:13     | Noticed a vault guard
 13312 | Lair:1   | Entered Level 1 of the Lair of Beasts
 14041 | Lair:1   | Reached skill level 5 in Dodging
 14228 | Lair:1   | Reached XP level 13. HP: 117/117 MP: 12/12
 14312 | Lair:1   | Reached skill level 5 in Fighting
 14985 | D:4      | Bought 3 scrolls of acquirement for 1560 gold pieces
 14989 | D:4      | Acquired a manual of Spellcasting
 14993 | D:4      | Acquired the scarf of Free Expression {repulsion, rElec
                  | rPois Dex+4 Stlth-}
 14994 | D:4      | Acquired the amulet of the Devil {Spirit rC- rCorr Str+3
                  | Int+2}
 15054 | D:4      | Killed Crazy Yiuf
 15399 | Lair:2   | Found a hole to the Spider Nest.
 16247 | Lair:2   | Found a staircase to the Swamp.
 16453 | Lair:3   | Found a dark tunnel.
 16459 | Volcano  | Entered a volcano
 17617 | Lair:4   | Reached XP level 14. HP: 131/131 MP: 13/13
 18669 | Lair:5   | Entered Level 5 of the Lair of Beasts
 18853 | Lair:5   | Reached skill level 15 in Shapeshifting
 19400 | Lair:5   | Noticed Kirke
 19415 | Lair:5   | Killed Kirke
 19481 | Lair:5   | Found a viscous altar of Jiyva.
 19481 | Lair:5   | Found a staircase to the Slime Pits.
 19706 | Lair:5   | Found a large runed translucent door.
 19950 | Lair:5   | Found a large runed translucent door.
 20708 | Orc:1    | Entered Level 1 of the Orcish Mines
 20710 | Orc:1    | Found Vohely's Distillery.
 20711 | Orc:1    | Found Bigijel's Weapon Shop.
 20719 | Orc:1    | Bought a potion of magic for 112 gold pieces
 20719 | Orc:1    | Bought a potion of curing for 42 gold pieces
 20719 | Orc:1    | Bought a potion of curing for 42 gold pieces
 20719 | Orc:1    | Bought a potion of haste for 140 gold pieces
 20719 | Orc:1    | Bought a potion of curing for 42 gold pieces
 20719 | Orc:1    | Bought a potion of brilliance for 56 gold pieces
 20719 | Orc:1    | Bought a potion of cancellation for 112 gold pieces
 20719 | Orc:1    | Bought a potion of heal wounds for 70 gold pieces
 20719 | Orc:1    | Bought a potion of curing for 42 gold pieces
 20823 | Orc:1    | Found Cosouk's Antique Armour Emporium.
 20831 | Orc:1    | Bought a runed kite shield for 165 gold pieces
 20989 | Orc:1    | Found Iwyruir's Assorted Antiques.
 21006 | Orc:1    | Bought a scratched onyx ring for 150 gold pieces
 21006 | Orc:1    | Bought a scroll of teleportation for 90 gold pieces
 21332 | Orc:2    | Entered Level 2 of the Orcish Mines
 21332 | Orc:2    | Found Fuygyr's Armour Shoppe.
 21332 | Orc:2    | Found Qomaul's General Store.
 21494 | Orc:2    | Bought a phantom mirror for 520 gold pieces
 21494 | Orc:2    | Bought a scroll of teleportation for 39 gold pieces
 21615 | Orc:2    | Bought a dragon-blood talisman for 780 gold pieces
 21702 | Orc:2    | Reached XP level 15. HP: 145/145 MP: 14/14
 22110 | Orc:2    | Found Syxt's Antique Armour Shoppe.
 22123 | Orc:2    | Found Keporieth's Magic Scroll Emporium.
 22216 | Orc:2    | Found a staircase to the Elven Halls.
 22223 | Orc:2    | Noticed Jorgrun
 22242 | Orc:2    | Killed Jorgrun
 22386 | Orc:2    | Bought a scroll of identify for 32 gold pieces
 22386 | Orc:2    | Bought a scroll of teleportation for 48 gold pieces
 22386 | Orc:2    | Bought a scroll of blinking for 120 gold pieces
 22386 | Orc:2    | Bought a scroll of teleportation for 48 gold pieces
 22386 | Orc:2    | Bought a scroll of teleportation for 48 gold pieces
 22386 | Orc:2    | Bought a scroll of immolation for 64 gold pieces
 22778 | Orc:2    | Found Umenafoaps's Weapon Shop.
 22778 | Orc:2    | Found Touhyrphysikk's Antique Weapon Boutique.
 22782 | Orc:2    | Found Esisaunaokk's General Store.
 22807 | Orc:2    | Found Hyuph's Distillery.
 22811 | Orc:2    | Bought a potion of curing for 54 gold pieces
 22811 | Orc:2    | Bought a potion of cancellation for 144 gold pieces
 22811 | Orc:2    | Bought a potion of curing for 54 gold pieces
 22811 | Orc:2    | Bought a potion of degeneration for 18 gold pieces
 22814 | Orc:2    | Bought a potion of curing for 48 gold pieces
 22814 | Orc:2    | Bought a scroll of identify for 32 gold pieces
 22814 | Orc:2    | Bought a scroll of identify for 32 gold pieces
 23195 | Spider:1 | Entered Level 1 of the Spider Nest
 23522 | Spider:1 | Noticed an emperor scorpion
 23527 | Spider:1 | Killed an emperor scorpion
 23528 | Spider:1 | Reached skill level 15 in Unarmed Combat
 23925 | Spider:1 | Reached skill level 1 in Armour
 23925 | Spider:1 | Reached skill level 1 in Shields
 24421 | Spider:1 | Identified the +0 pair of gloves "Naq Wuzi" {rF+ Str+3
                  | Dex+3}
 25125 | Spider:2 | Reached XP level 16. HP: 156/156 MP: 8/15
 26027 | Spider:3 | Found a runed translucent door.
 26033 | Spider:3 | Found a shimmering altar of Xom.
 26033 | Spider:3 | Noticed Fogaerej's ghost (adept AtBe)
 26033 | Spider:3 | Identified the +2 scimitar of Rubbish {chaos, rC+ rCorr}
 26745 | Spider:3 | Noticed Roxanne
 26924 | Spider:4 | Entered Level 4 of the Spider Nest
 26960 | Spider:3 | Reached skill level 10 in Fighting
 27999 | Spider:4 | Identified the +5 dire flail "Iroplyg" {speed, rElec}
 29336 | Spider:4 | Reached skill level 5 in Shields
 29343 | Spider:4 | Reached XP level 17. HP: 167/167 MP: 1/16
 29474 | Spider:4 | Got a gossamer rune of Zot
 29483 | Spider:4 | Identified the +0 pair of boots of Gestures {Int+2}
 29693 | Swamp:1  | Entered Level 1 of the Swamp
 29693 | Swamp:1  | Noticed Louise
 29704 | Lair:2   | Killed Louise
 29862 | Swamp:1  | Reached skill level 5 in Armour
 29953 | Swamp:1  | Found a frozen archway.
 29966 | IceCv    | Entered an ice cave
 30567 | IceCv    | Noticed a shard shrike
 30589 | IceCv    | Killed a shard shrike
 31474 | Swamp:2  | Identified the serpent talisman of the Slightly Bent
                  | {Stlth+}
 31474 | Swamp:2  | Noticed Aizul
 31487 | Swamp:2  | Killed Aizul
 32229 | Swamp:3  | Identified the +1 pair of gloves of Responsibility
                  | {*Corrode Int+4}
 32846 | Swamp:3  | Paralysed by a fenstrider witch for 3 turns
 33173 | Swamp:4  | Entered Level 4 of the Swamp
 33318 | Swamp:4  | Reached XP level 18. HP: 179/179 MP: 12/17
 33413 | Swamp:4  | Noticed a tentacled monstrosity
 33425 | Swamp:4  | Killed a tentacled monstrosity
 34974 | Swamp:4  | Got a decaying rune of Zot
 35321 | D:13     | Found a gate to the Vaults.
 35949 | D:14     | Found an ornate altar of the Wu Jian Council.
 36862 | D:15     | Entered Level 15 of the Dungeon
 37366 | D:10     | You paid a toll of 16 potions of curing to enter a treasure
                  | trove
 37367 | Trove    | Entered a treasure trove
 37428 | Trove    | Identified the amulet "Onirorr" {Reflect Str+4 SH+5}
 37431 | Trove    | Identified the amulet "Paegux" {Faith rPois rCorr Dex-4
                  | Stlth+}
 37478 | Trove    | Reached XP level 19. HP: 189/189 MP: 18/18
 37507 | Trove    | Found the +0 mask of the Dragon {Will+ Slay+3 SInv}
 37508 | Trove    | Identified the +0 fire dragon scales of Feasting {rF++ rC-
                  | Dex+4 Slay-4}
 37510 | Trove    | Identified the +1 hat of the Distant Future {Str+3 Int+2}
 37767 | D:15     | Found a staircase to the Depths.
 38717 | Desolati | Identified the "Mokh"
 38717 | Desolati | Identified the "Uzaiq"
 38717 | Desolati | Identified the of Rixzopif
 38717 | Elf:1    | Entered Level 1 of the Elven Halls
 39015 | Elf:1    | Identified the +1 robe of Objectivity {rPois rC+}
 39163 | Elf:1    | Found Qepypt's Book Shop.
 39244 | Elf:1    | Paralysed by an air elemental for 1 turns
 40312 | Elf:2    | Paralysed by an air elemental for 1 turns
 40479 | Elf:2    | Found a runed translucent gate.
 40479 | Elf:2    | Found a runed translucent gate.
 40490 | Elf:2    | Found a runed translucent gate.
 40531 | Elf:2    | Reached XP level 20. HP: 187/198 MP: 19/19
 41107 | Vaults:1 | Entered Level 1 of the Vaults
 41184 | Vaults:1 | Found a crumbling gateway.
 41191 | Desolati | Entered the Desolation of Salt
 41227 | Desolati | Identified the amulet of Muyrph {Reflect Int+3 SH+5}
 41407 | Desolati | Identified the amulet of Otzui {Acrobat Fly rPois rN+}
 41717 | Desolati | Identified the ring "Jatzu" {rF+ rC+ Int+6}
 42336 | Desolati | Identified the ring of Terph {MP+9 Dex+4}
 42340 | Desolati | Identified the amulet of Doors {Acrobat Fly MP+9}
 42456 | Desolati | Identified the +8 morningstar "Sewuisig" {elec, Fragile
                  | rElec rCorr}
 42458 | Desolati | Identified the ring of Simatoso {Fire rElec rPois Will-
                  | Int+5}
 42459 | Desolati | Identified the +8 halberd of Xom's Righteous Fury {flame,
                  | Dex+3}
 42725 | Vaults:1 | Found Weufin's Jewellery Boutique.
 43671 | Vaults:2 | Noticed Mara
 43676 | Vaults:2 | Noticed Doj's illusion
 43819 | Vaults:2 | Reached skill level 10 in Shields
 43927 | Vaults:2 | Noticed Doj's illusion
 43944 | Vaults:1 | Killed Mara
 44021 | Vaults:2 | Found Wigh's Weapon Emporium.
 44027 | Vaults:2 | Reached XP level 21. HP: 210/210 MP: 20/20
 44131 | Vaults:2 | Identified the +2 broad axe of Extremism {speed, rC++}
 44194 | Vaults:2 | Found a staircase to the Crypt.
 44725 | Vaults:2 | Identified the +6 morningstar of Overwhelming Force {heavy,
                  | rC+ rN+ Int+3}
 46305 | Vaults:3 | Found a runed translucent door.
 46305 | Vaults:3 | Noticed Asumeq's ghost (veteran GrFi)
 46907 | Vaults:4 | Noticed Frederick
 46922 | Vaults:4 | Killed Frederick
 46923 | Vaults:4 | Reached XP level 22. HP: 222/222 MP: 21/21
 47117 | Vaults:4 | Noticed Jory
 47122 | Vaults:4 | Killed Jory
 47139 | Vaults:4 | Found Umenn's General Store.
 47143 | Vaults:4 | Bought a scroll of blinking for 150 gold pieces
 47143 | Vaults:4 | Bought a scroll of teleportation for 60 gold pieces
 47504 | Vaults:4 | Noticed Donald
 47508 | Vaults:4 | Killed Donald
 48073 | Elf:3    | Identified the of Pidghaug
 48073 | Elf:3    | Identified the of Polyxtun
 48073 | Elf:3    | Identified the of Kaxuwnia
 48073 | Elf:3    | Identified the "Juedaneri"
 48073 | Elf:3    | Identified the of Votsuk
 48073 | Slime:1  | Entered Level 1 of the Pits of Slime
 48194 | Slime:2  | Gained mutation: You occasionally lose the ability to drink
                  | potions when taking damage. [a shining eye]
 48196 | Slime:2  | Gained mutation: Your magical capacity is low. (-10% MP) [a
                  | shining eye]
 48717 | Slime:2  | You fall into a shaft and drop 1 floor!
 49104 | Slime:3  | Gained mutation: Your magical capacity is very low. (-20%
                  | MP) [a shining eye]
 50288 | Slime:5  | Identified the "Aciludweena"
 50288 | Slime:5  | Identified the "Qini"
 50288 | Slime:5  | Entered Level 5 of the Pits of Slime
 50920 | Slime:3  | Gained mutation: You have large cloven feet. [a shining
                  | eye]
 50921 | Slime:3  | Gained mutation: You are weak. (Str -2) [a shining eye]
 51526 | Slime:5  | Gained mutation: Your system is resistant to poisons.
                  | (rPois) [a shining eye]
 52888 | Slime:5  | Found a viscous altar of Jiyva.
 53810 | Slime:5  | Noticed the Royal Jelly
 53825 | Slime:5  | Killed the Royal Jelly
 53826 | Slime:5  | Reached XP level 23. HP: 234/234 MP: 17/17
 54285 | Slime:5  | Identified the +3 spear of Chaos {vamp, rPois rC+ Stlth+}
 54382 | Slime:5  | Identified the +1 sling of Puing {flame, rN+ Int+3 Dex+4
                  | SInv}
 54385 | Slime:5  | Identified the +7 great sword "Death Rattle" {heavy, SInv}
 54397 | Slime:5  | Identified the +6 chain mail "Micaemm" {rN+ Str+3 Dex+3}
 54402 | Slime:5  | Identified the +1 falchion "Zoan" {speed, rC+}
 54445 | Slime:5  | Got a slimy rune of Zot
 54469 | Slime:5  | Identified the +10 flail of Extermination {heavy, +Blink
                  | rC+ Dex+3}
 54498 | Slime:5  | Identified the +0 ring mail of the Sneaky Dreams {-Tele
                  | Str+4 Dex+2}
 54508 | Slime:5  | Identified the +1 cloak "Pugiw" {Will+ Str+4}
 54833 | Depths:1 | Entered Level 1 of the Depths
 54959 | Depths:1 | Found a hide-covered altar of Uskayaw.
 54973 | Depths:1 | Found a gateway to Hell.
 55184 | Depths:1 | Found a one-way gateway to a ziggurat.
 55184 | Depths:1 | Noticed an ancient lich
 55199 | Depths:1 | Killed an ancient lich
 55200 | Depths:1 | Reached skill level 15 in Fighting
 55263 | Depths:1 | Found a one-way gate leading to the halls of Pandemonium.
 55889 | Depths:2 | Identified the +6 long sword of Honour {heavy, Will+ Str+6}
 56638 | Depths:2 | Identified the ring "Harett" {Ice *Slow rN+ Int+2}
 56638 | Depths:2 | Noticed Josephina
 56644 | Depths:2 | Killed Josephina
 56735 | Depths:1 | Lost mutation: You are weak. (Str -2) [potion of mutation]
 56735 | Depths:1 | Lost mutation: Your magical capacity is very low. (-20% MP)
                  | [potion of mutation]
 56735 | Depths:1 | Lost mutation: You occasionally lose the ability to drink
                  | potions when taking damage. [potion of mutation]
 56735 | Depths:1 | Gained mutation: You are dopey. (Int -2) [potion of
                  | mutation]
 56735 | Depths:1 | Gained mutation: You are frail. (-10% HP) [potion of
                  | mutation]
 56735 | Depths:1 | Gained mutation: You are somewhat resistant to further
                  | mutation. [potion of mutation]
 56973 | Orc:1    | Bought jewelled fire dragon scales for 1430 gold pieces
 56973 | Orc:1    | Identified the +5 fire dragon scales of Lesser Demons {rF++
                  | rC- Int+4} (You bought it in a shop on level 1 of the
                  | Orcish Mines)
 57206 | Depths:2 | Identified the +10 plate armour of Restlessness {rCorr}
 57220 | Depths:2 | Identified the +4 morningstar of Loicribb {heavy, rC+ rN+
                  | Str+2 Int+3}
 57888 | Depths:2 | Found Homifeoh's Self-Published Books.
 58161 | Depths:3 | Identified the +6 morningstar of Spring {venom, rCorr}
 58350 | Depths:3 | Found a one-way gate to the infinite horrors of the Abyss.
 58544 | Depths:3 | Reached XP level 24. HP: 207/220 MP: 19/19
 58738 | Depths:3 | Noticed Saint Roka
 58782 | Depths:3 | Killed Saint Roka
 58903 | Depths:3 | Found a bloodstained altar of Trog.
 59207 | Depths:4 | Entered Level 4 of the Depths
 59703 | Depths:4 | Found a gate to the Realm of Zot.
 60397 | Depths:4 | Found a blossoming altar of Fedhas.
 60839 | Elf:3    | Entered Level 3 of the Elven Halls
 60994 | Elf:3    | Paralysed by an air elemental for 1 turns
 61289 | Elf:3    | Paralysed by an air elemental for 1 turns
 61504 | Elf:3    | Identified the scarf "Silis" {harm, Int+3 Dex+2}
 61751 | Elf:3    | Identified the ring "Jemat" {rF+ Str+6}
 61761 | Elf:3    | Identified the amulet "Xuvveur" {RegenMP rN+ Regen+ Dex-4}
 61825 | Elf:3    | Identified the +9 trident of Conformity {heavy, rCorr}
 61910 | Elf:3    | Identified the ring of Sitreomp {rElec rC++ rCorr Str-5
                  | Int+2}
 62056 | Elf:3    | Identified the staff of the Growing Oracle {rPois rC+
                  | Poison}
 62648 | Vaults:5 | Entered Level 5 of the Vaults
 62650 | Vaults:5 | Noticed Sojobo
 62771 | Vaults:5 | Killed Sojobo
 62871 | Vaults:5 | Noticed a dread lich
 63110 | Vaults:5 | Killed a dread lich
 63113 | Vaults:5 | Reached XP level 25. HP: 191/231 MP: 19/19
 63141 | Vaults:5 | Identified the +6 orcbow of Descent {freeze, Fly rF+ Str+2
                  | Int+2}
 63143 | Vaults:5 | Identified the +4 quarterstaff of Descent {heavy, rF+
                  | Int+2}
 63385 | Vaults:5 | Reached skill level 15 in Shields
 64175 | Vaults:5 | Noticed an ancient lich
 64178 | Vaults:5 | Identified the +3 leather armour "Nywkuul" {+Inv rPois
                  | Stlth+}
 64182 | Vaults:5 | Killed an ancient lich
 64525 | Vaults:5 | Reached skill level 10 in Armour
 64885 | Vaults:5 | Noticed an ancient lich
 64891 | Vaults:5 | Killed an ancient lich
 65158 | Vaults:5 | Identified the +9 flail of Doj's Bloody Death {heavy, Str+3
                  | Dex+3}
 65475 | Vaults:5 | Got a silver rune of Zot
 65639 | Vaults:5 | Found Gacsudav's Antique Armour Shop.
 65646 | Vaults:5 | Bought an embroidered scarf for 248 gold pieces
 66066 | Crypt:1  | Entered Level 1 of the Crypt
 66474 | Crypt:1  | Noticed Xtahua
 66487 | Crypt:1  | Killed Xtahua
 66961 | Crypt:1  | Found an ancient bone altar of Kikubaaqudgha.
 67526 | Crypt:2  | Reached skill level 1 in Necromancy
 68061 | Crypt:3  | Entered Level 3 of the Crypt
 68160 | Crypt:3  | Reached skill level 1 in Spellcasting
 68258 | Crypt:3  | Found a basalt altar of Yredelemnul.
 68416 | Crypt:3  | Reached XP level 26. HP: 193/243 MP: 22/22
 68772 | Crypt:3  | Found a staircase to the Tomb.
 68772 | Crypt:3  | Noticed Khufu
 68779 | Crypt:3  | Killed Khufu
 68804 | Crypt:3  | Identified the +1 demon whip of Mastery {drain, Str+3
                  | Dex+2}
 68858 | Crypt:3  | Noticed Margery
 68886 | Crypt:3  | Killed Margery
 69361 | Tomb:1   | Entered Level 1 of the Tomb of the Ancients
 69752 | Tomb:1   | Reached skill level 5 in Necromancy
 70076 | Tomb:1   | Noticed a royal mummy
 70076 | Tomb:1   | Noticed a royal mummy
 70102 | Tomb:1   | Killed a royal mummy
 70108 | Tomb:1   | Killed a royal mummy
 70842 | Zot:1    | Entered Level 1 of the Realm of Zot
 71083 | Zot:1    | Reached skill level 27 in Shapeshifting
 71502 | Zot:1    | You fall into a shaft and drop 1 floor!
 72076 | Zot:2    | Reached skill level 5 in Spellcasting
 72863 | Zot:3    | Found the +15 Maxwell's patent armour {-Cast -Tele rElec
                  | Will+ rCorr}
 72985 | Zot:3    | Fell from the grace of Gozag
 73369 | D:8      | Became a worshipper of Gozag Ym Sagoz the Greedy
 73759 | Zot:3    | Reached XP level 27. HP: 252/252 MP: 27/27
 76048 | Zot:5    | Entered Level 5 of the Realm of Zot
 76635 | Depths:3 | Lost mutation: You are somewhat resistant to further
                  | mutation. [potion of mutation]
 76635 | Depths:3 | Lost mutation: You are dopey. (Int -2) [potion of mutation]
 76635 | Depths:3 | Lost mutation: Your system is resistant to poisons. (rPois)
                  | [potion of mutation]
 76635 | Depths:3 | Lost mutation: You are frail. (-10% HP) [potion of
                  | mutation]
 76635 | Depths:3 | Gained mutation: You occasionally lose the ability to drink
                  | potions when taking damage. [potion of mutation]
 76635 | Depths:3 | Gained mutation: You have a pair of small antennae on your
                  | head. [potion of mutation]
 76657 | Depths:3 | Voluntarily entered the Abyss.
 76672 | Abyss:2  | Found a corrupted altar of Lugonu.
 77307 | Abyss:3  | Paralysed by you for 4 turns
 77366 | Abyss:5  | Reached skill level 10 in Necromancy
 77420 | Abyss:5  | Identified the ring "Lany" {Fire rElec rN+ Will-}
 77598 | Abyss:5  | Found a corrupted altar of Lugonu.
 77745 | Abyss:5  | Found a hide-covered altar of Uskayaw.
 77765 | Abyss:5  | Got an abyssal rune of Zot
 77767 | Abyss:5  | Paralysed by accursed screaming for 2 turns
 77771 | Abyss:5  | Paralysed by accursed screaming for 2 turns
 77817 | Depths:3 | Escaped the Abyss
 77949 | Hell     | Entered the Vestibule of Hell
 77949 | Hell     | Noticed Geryon
 77959 | Hell     | Killed Geryon
 77968 | Hell     | Noticed an ancient lich
 78357 | Hell     | Killed an ancient lich
 78456 | Hell     | Found a gateway to the freezing wastes of Cocytus.
 78630 | Hell     | Found a gateway to the decaying netherworld of Tartarus.
 78962 | Hell     | Found a gateway to the Iron City of Dis.
 79015 | Hell     | Found a gateway to the ashen valley of Gehenna.
 79116 | Tomb:3   | Identified the of Dulio
 79116 | Tar:7    | Identified the of Tynyal
 79116 | Geh:1    | Entered Level 1 of Gehenna
 80926 | Geh:7    | Identified the "Falued"
 80926 | Geh:7    | Entered Level 7 of Gehenna
 81078 | Geh:7    | Noticed a dread lich
 81139 | Geh:7    | Killed a dread lich
 81309 | Geh:7    | Identified the +4 trident of Disarray {flame, rF+ rC+ rCorr
                  | Dex-4}
 81640 | Geh:7    | Identified the ring of the Scavenger {rElec rN+ rCorr}
 81641 | Geh:7    | Identified the staff of Yfuwkox {rElec rF+ Str-4 Dex+4 Air}
 81752 | Geh:7    | Found the +13 sceptre of Asmodeus
 81752 | Geh:7    | Noticed Asmodeus
 81752 | Geh:7    | Found the ring of the Octopus King
 81775 | Geh:7    | Killed Asmodeus
 81922 | Geh:7    | Identified a ring of the Octopus King {rC+ HP+2 AC+2 EV+2
                  | SH+2}
 81933 | Geh:7    | Got an obsidian rune of Zot
 81944 | Geh:7    | Identified the +6 sling of the Gnashing Gods {flame, rCorr
                  | Str-3 Dex+4 Stlth+}
 82174 | Coc:1    | Entered Level 1 of Cocytus
 83086 | Coc:3    | Paralysed by a wendigo for 1 turns
 84164 | Coc:6    | Paralysed by a wendigo for 1 turns
 84170 | Coc:6    | Paralysed by a wendigo for 1 turns
 84414 | Coc:6    | Reached skill level 27 in Unarmed Combat
 84747 | Coc:7    | Entered Level 7 of Cocytus
 84864 | Coc:7    | Paralysed by a wendigo for 1 turns
 85328 | Coc:7    | Reached skill level 10 in Dodging
 85664 | Coc:7    | Paralysed by a wendigo for 1 turns
 85796 | Coc:7    | Noticed Antaeus
 85827 | Coc:7    | Killed Antaeus
 85866 | Coc:7    | Got an icy rune of Zot
 86117 | Coc:7    | Reached skill level 15 in Armour
 86329 | Dis:1    | Entered Level 1 of the Iron City of Dis
 86525 | Dis:1    | Noticed a royal mummy
 86628 | Dis:1    | Noticed a royal mummy
 86629 | Dis:1    | Noticed a royal mummy
 86645 | Dis:1    | Killed a royal mummy
 86655 | Dis:1    | Killed a royal mummy
 86664 | Dis:1    | Killed a royal mummy
 86701 | Dis:1    | Noticed a royal mummy
 86704 | Dis:1    | Noticed an ancient lich
 86725 | Dis:1    | Noticed a dread lich
 86738 | Dis:1    | Killed an ancient lich
 86745 | Dis:1    | Killed a dread lich
 86770 | Dis:1    | Killed a royal mummy
 86793 | Dis:1    | Noticed a royal mummy
 86800 | Dis:1    | Killed a royal mummy
 88168 | Dis:5    | Found a huge runed gate.
 88168 | Dis:5    | Found a huge runed gate.
 88170 | Dis:5    | Found a huge runed gate.
 88171 | Dis:5    | Found a huge runed gate.
 88171 | Dis:5    | Found a huge runed gate.
 88171 | Dis:5    | Found a huge runed gate.
 88171 | Dis:5    | Found a huge runed gate.
 88171 | Dis:5    | Found a huge runed gate.
 88172 | Dis:5    | Found a huge runed gate.
 88555 | Dis:5    | Found a huge runed gate.
 88555 | Dis:5    | Found a huge runed gate.
 88556 | Dis:5    | Found a huge runed gate.
 88588 | Dis:5    | Found a huge runed gate.
 88593 | Dis:5    | Found a huge runed gate.
 88593 | Dis:5    | Found a huge runed gate.
 88594 | Dis:5    | Found a huge runed gate.
 88594 | Dis:5    | Noticed an ancient lich
 88599 | Dis:5    | Found a huge runed gate.
 88607 | Dis:5    | Killed an ancient lich
 88608 | Dis:5    | Found a huge runed gate.
 88622 | Dis:5    | Found a huge runed gate.
 88630 | Dis:5    | Found a huge runed gate.
 88630 | Dis:5    | Found a huge runed gate.
 88630 | Dis:5    | Found a huge runed gate.
 88630 | Dis:5    | Found a huge runed gate.
 88630 | Dis:5    | Found a huge runed gate.
 88630 | Dis:5    | Found a huge runed gate.
 88631 | Dis:5    | Found a huge runed gate.
 88632 | Dis:5    | Found a huge runed gate.
 88633 | Dis:5    | Found a huge runed gate.
 88641 | Dis:5    | Found a huge runed gate.
 88641 | Dis:5    | Found a huge runed gate.
 88641 | Dis:5    | Found a huge runed gate.
 88641 | Dis:5    | Found a huge runed gate.
 88641 | Dis:5    | Found a huge runed gate.
 88641 | Dis:5    | Found a huge runed gate.
 88641 | Dis:5    | Found a huge runed gate.
 88642 | Dis:5    | Found a huge runed gate.
 89145 | Dis:7    | Entered Level 7 of the Iron City of Dis
 90614 | Dis:7    | Identified the +5 morningstar of Disaster {flame, Drain
                  | rElec rN+ Int+2}
 90875 | Dis:7    | Noticed an ancient lich
 90881 | Dis:7    | Killed an ancient lich
 91086 | Dis:7    | Noticed a juggernaut
 91101 | Dis:7    | Killed a juggernaut
 91512 | Dis:7    | Reached skill level 15 in Throwing
 93575 | Dis:7    | Noticed a juggernaut
 93575 | Dis:7    | Noticed Dispater
 93604 | Dis:7    | Killed a juggernaut
 93659 | Dis:7    | Killed Dispater
 93903 | Dis:7    | Got an iron rune of Zot
 94249 | Pan      | Entered Pandemonium
 94556 | Pan      | Paralysed by you for 3 turns
 94569 | Pan      | Noticed Bynieloe the pandemonium lord
 94579 | Pan      | Killed Bynieloe the pandemonium lord
 95255 | Pan      | Found a transporter.
 95277 | Pan      | Identified the +9 orcbow of Conservatism {freeze, rN+
                  | Will++ Str-4 SInv}
 95355 | Pan      | Found a transporter.
 95355 | Pan      | Identified the ring "Vuitwud" {rPois Str+6}
 95358 | Pan      | Identified the +3 leather armour "Vehidue" {*Slow rC+
                  | Dex+3}
 96136 | Pan      | Found a transporter.
 96189 | Pan      | Found a transporter.
 97381 | Pan      | Noticed Luamad the pandemonium lord
 97395 | Pan      | Killed Luamad the pandemonium lord
 97880 | Pan      | Identified the +1 rapier "Fyenn" {distort, Int+7}
 98295 | Pan      | Entered the realm of Gloorx Vloq.
 98594 | Pan      | Noticed Gloorx Vloq
 98621 | Pan      | Killed Gloorx Vloq
 98668 | Pan      | Got a dark rune of Zot
 98820 | Pan      | Found an exit through the horrors of the Abyss.
 98923 | Pan      | Identified the "Nerafrob"
 98923 | Pan      | Entered the realm of Cerebov.
 99619 | Pan      | Identified the -1 pair of gloves "Paeryne" {rPois rC+ rN+
                  | Str+3}
 99658 | Pan      | Identified the +1 battleaxe "Ablo Bess" {flame, Str+3 SInv
                  | Stlth+}
 99685 | Pan      | Identified the staff of Xabranag {rC+ rN+ Dex+3 Ice}
 99789 | Pan      | Identified the +6 long sword "Deirruv" {spect, rF+ Str-5
                  | Int+5}
 99823 | Pan      | Found the +6 sword of Cerebov {flame}
 99823 | Pan      | Noticed Cerebov
 99858 | Pan      | Killed Cerebov
 99980 | Pan      | Got a fiery rune of Zot
 99998 | Pan      | Identified the +1 great sword "Teurgho" {spect, rPois rC+
                  | Str+3 Int-3}
100092 | Pan      | Identified the "Musuv"
100508 | Pan      | Reached skill level 1 in Evocations
100592 | Pan      | Noticed Vokulo the pandemonium lord
100612 | Pan      | Killed Vokulo the pandemonium lord
100641 | Pan      | Identified the +5 battleaxe "Nailecao" {pain, rPois rF+
                  | Int+3}
100980 | Depths:2 | Escaped Pandemonium
100984 | Depths:2 | Bought a wooden ring for 135 gold pieces
100990 | Depths:2 | Bought a scroll of acquirement for 624 gold pieces
100990 | Depths:2 | Bought a scroll of teleportation for 36 gold pieces
100990 | Depths:2 | Identified the of Xidisch (You acquired it on level 2 of
                  | the Depths)
100990 | Depths:2 | Acquired 455 gold pieces
101066 | Depths:2 | Bought the Secrets of Hitting the Bricks for 660 gold
                  | pieces
101137 | Pan      | Entered Pandemonium
101140 | Pan      | Noticed Mennas
101153 | Pan      | Killed Mennas
101178 | Pan      | Noticed Pej Qir the pandemonium lord
101192 | Pan      | Killed Pej Qir the pandemonium lord
102530 | Pan      | Got a demonic rune of Zot
102805 | Pan      | Noticed Ociumih the pandemonium lord
102812 | Pan      | Killed Ociumih the pandemonium lord
102881 | Pan      | Identified the +0 chain mail of Zin {rC++}
103682 | Pan      | Noticed Comostreh the pandemonium lord
103694 | Pan      | Killed Comostreh the pandemonium lord
104553 | Pan      | Noticed Gegeliana the pandemonium lord
104626 | Pan      | Reached skill level 15 in Dodging
104823 | Pan      | Entered the realm of Lom Lobon.
105332 | Pan      | Reached skill level 5 in Evocations
105630 | Pan      | Noticed Lom Lobon
105660 | Pan      | Killed Lom Lobon
105805 | Pan      | Got a magical rune of Zot
106289 | Pan      | Found a runed translucent door.
106292 | Pan      | Found a runed translucent door.
106295 | Pan      | Found a runed translucent door.
106301 | Pan      | Found a runed translucent door.
106692 | Pan      | Identified the of Somuhaer
106885 | Pan      | Noticed Ithraeca the pandemonium lord
106898 | Pan      | Killed Ithraeca the pandemonium lord
107147 | Pan      | Found an exit through the horrors of the Abyss.
107366 | Pan      | Entered the realm of Mnoleg.
108008 | Pan      | Noticed Mnoleg
108019 | Pan      | Killed Mnoleg
108254 | Pan      | Got a glowing rune of Zot
108650 | Pan      | Noticed Kieruikeuguo the pandemonium lord
108662 | Pan      | Killed Kieruikeuguo the pandemonium lord
109330 | Depths:2 | Escaped Pandemonium
109391 | Tar:1    | Entered Level 1 of Tartarus
109664 | Tar:2    | Lost intelligence.
110495 | Tar:3    | You fall into a shaft and drop 2 floors!
110772 | Tar:6    | Noticed a dread lich
110779 | Tar:6    | Killed a dread lich
111003 | Tar:7    | Entered Level 7 of Tartarus
111455 | Tar:7    | Found the +3 salamander hide armour {Flames, rFlCloud rF++
                  | rC--}
111489 | Tar:7    | Identified the staff "Opti" {rC++ Will+ Earth}
111582 | Tar:7    | Identified the ring of Aloleuhi {Str+6 Dex+5 SInv}
111614 | Tar:7    | Identified the +1 war axe "Tiadupex" {elec, rF+ Int+4
                  | Dex-5}
111926 | Tar:7    | Identified the +11 flail of the Puffin {pain, *Slow rF+
                  | rC+}
112435 | Tar:7    | Noticed Ereshkigal
112468 | Tar:7    | Killed Ereshkigal
112504 | Tar:7    | Got a bone rune of Zot
113616 | Tomb:2   | Noticed a royal mummy
113622 | Tomb:2   | Noticed a royal mummy
113629 | Tomb:2   | Killed a royal mummy
113634 | Tomb:2   | Noticed a royal mummy
113634 | Tomb:2   | Noticed a royal mummy
113651 | Tomb:2   | Killed a royal mummy
113670 | Tomb:2   | Killed a royal mummy
113685 | Tomb:2   | Killed a royal mummy
114263 | Tomb:1   | Noticed a royal mummy
114263 | Tomb:1   | Noticed a royal mummy
114263 | Tomb:1   | Noticed a royal mummy
114263 | Tomb:1   | Noticed a royal mummy
114263 | Tomb:1   | Noticed a royal mummy
114266 | Tomb:1   | Killed a royal mummy
114268 | Tomb:1   | Killed a royal mummy
114276 | Tomb:1   | Killed a royal mummy
114277 | Tomb:1   | Killed a royal mummy
114283 | Tomb:1   | Killed a royal mummy
114285 | Tomb:1   | Noticed a royal mummy
114288 | Tomb:1   | Killed a royal mummy
114356 | Tomb:1   | Noticed a royal mummy
114360 | Tomb:1   | Killed a royal mummy
114390 | Tomb:1   | Noticed a royal mummy
114395 | Tomb:1   | Killed a royal mummy
114414 | Tomb:1   | Noticed a royal mummy
114421 | Tomb:1   | Killed a royal mummy
114446 | Tomb:1   | Noticed a royal mummy
114456 | Tomb:1   | Killed a royal mummy
114457 | Tomb:1   | Noticed a royal mummy
114474 | Tomb:1   | Killed a royal mummy
114486 | Tomb:1   | Noticed a royal mummy
114493 | Tomb:1   | Noticed a royal mummy
114495 | Tomb:1   | Noticed a royal mummy
114495 | Tomb:1   | Noticed a royal mummy
114497 | Tomb:1   | Killed a royal mummy
114497 | Tomb:1   | Noticed a royal mummy
114499 | Tomb:1   | Noticed a royal mummy
114500 | Tomb:1   | Noticed a royal mummy
114501 | Tomb:1   | Noticed a royal mummy
114508 | Tomb:1   | Killed a royal mummy
114513 | Tomb:1   | Killed a royal mummy
114515 | Tomb:1   | Killed a royal mummy
114515 | Tomb:1   | Killed a royal mummy
114527 | Tomb:1   | Killed a royal mummy
114532 | Tomb:1   | Killed a royal mummy
114532 | Tomb:1   | Killed a royal mummy
114752 | Tomb:2   | Reached skill level 10 in Evocations
114905 | Tomb:3   | Entered Level 3 of the Tomb of the Ancients
114918 | Tomb:3   | Noticed a royal mummy
114927 | Tomb:3   | Noticed a royal mummy
114930 | Tomb:3   | Noticed a royal mummy
114932 | Tomb:3   | Noticed a royal mummy
114941 | Tomb:3   | Killed a royal mummy
114941 | Tomb:3   | Killed a royal mummy
114959 | Tomb:3   | Noticed a royal mummy
114960 | Tomb:3   | Killed a royal mummy
114967 | Tomb:3   | Noticed a royal mummy
114975 | Tomb:3   | Killed a royal mummy
114980 | Tomb:3   | Killed a royal mummy
114984 | Tomb:3   | Noticed a royal mummy
114992 | Tomb:3   | Noticed a royal mummy
114995 | Tomb:3   | Killed a royal mummy
115000 | Tomb:3   | Noticed a royal mummy
115002 | Tomb:3   | Killed a royal mummy
115005 | Tomb:3   | Killed a royal mummy
115014 | Tomb:3   | Killed a royal mummy
115248 | Tomb:3   | Found the +13 scythe of Curses {drain, curses, Drain}
115395 | Tomb:3   | Identified the amulet "Hobroat" {Spirit rPois Str+2 Stlth+}
115410 | Tomb:3   | Identified the ring of Omuwnel {AC+4 Stlth+}
115414 | Tomb:3   | Identified the +11 spear "Honasoq" {elec, rCorr Stlth+}
115424 | Tomb:3   | Identified the +9 arbalest "Wanoba" {speed, rPois rC+}
115663 | Tomb:3   | Identified the +3 mace of Vuopnunke {freeze, Str+2 Int+4}
115726 | Tomb:3   | Got a golden rune of Zot
116414 | Zot:5    | Noticed an ancient lich
116414 | Zot:5    | Noticed an ancient lich
116420 | Zot:5    | Noticed an orb of fire
116422 | Zot:5    | Noticed an ancient lich
116428 | Zot:5    | Noticed an orb of fire
116429 | Zot:5    | Noticed a dread lich
116430 | Zot:5    | Noticed an ancient lich
116433 | Zot:5    | Killed a dread lich
116434 | Zot:5    | Killed an ancient lich
116435 | Zot:5    | Noticed an orb of fire
116438 | Zot:5    | Noticed an orb of fire
116439 | Zot:5    | Killed a dread lich
116455 | Zot:5    | Noticed an ancient lich
116457 | Zot:5    | Killed an orb of fire
116458 | Zot:5    | Noticed a dread lich
116483 | Zot:5    | Killed an ancient lich
116489 | Zot:5    | Killed an ancient lich
116559 | Zot:5    | Killed an ancient lich
116720 | Zot:5    | Got the Orb of Zot
117403 | D:$      | Escaped with the Orb!

Illustrated notes

Levels and vault maps discovered:
D:1:      scummos_arrival_checkerplants, layout_rooms, minmay_misc_feat_pillars,
          minmay_heptomino_w4
D:2:      layout_rooms, basic_altar, moated_statue
D:3:      layout_basic, serial_shops, nicolae_shop_gibbet_a_chance,
          minmay_misc_feat_diagonals, st_stairs_7, nrook_mini_backslash
D:4:      layout_cave_pools, serial_shops, nicolae_stop_n_shop_1, shop, shop,
          shop, nicolae_shop_overgrown_old_shop, uniq_natasha,
          uniq_crazy_yiuf_cottage, uniq_grinder
D:5:      layout_cave_pods, minmay_manual_mares, uniq_blork_the_orc
D:6:      layout_loops_ring, kennysheep_mini_moat, kennysheep_decorative_pillar
D:7:      layout_cave_pools, minmay_temple_entry_drinking_statues,
          enter_bailey_5
D:8:      layout_basic, gammafunk_temple_overflow_statue
D:9:      layout_loops_corners, orc_0_dummy, chequers_serial_rivers_micro_a
D:10:     layout_basic, nicolae_trove_entry_crossroad, eino_jars, uniq_harold
D:11:     layout_loops_ring, due_lair_maze_entry_diamond, uniq_grum,
          uniq_gastronok, uniq_urug
D:12:     kennysheep_windowed_halls, layout_irregular_city
D:13:     layout_rooms, hellmonk_vaults_order_and_chaos, serial_shops, shop,
          minmay_misc_feat_rows
D:14:     kennysheep_ambush_hall, layout_basic, nzn_wu_jian_council_hall,
          serial_bayou, serial_bayou_lagoon_a, serial_bayou_pond_c,
          serial_bayou_pond_b, serial_bayou_ford_a
D:15:     gammafunk_depths_entry_grave, layout_layer_cave, patterned_corridor
Temple:   nicolae_temple_bog_church
Lair:1:   layout_roguey, hibernation_bobbens
Lair:2:   layout_chaotic_city, nicolae_swamp_entry_spooky, spider_nest_entry_a,
          fungi_pond_lemuel, hellmonk_talismancer, infiniplex_staircase_pool_2
Lair:3:   layout_gridlike, enter_volcano_2
Lair:4:   layout_cave_shapes
Lair:5:   cheibrodos_lair_end_hotspot, layout_long_grid, slime_entry_1,
          uniq_kirke
Swamp:1:  layout_basic_swamp, portal_ice_cave_entry_ice_statue_one,
          hangedman_swamp_ruin_wall, swamp_pool_5, uniq_louise
Swamp:2:  layout_basic_swamp, infiniplex_staircase_pool, uniq_aizul
Swamp:3:  layout_basic_swamp, evilmike_swamp_ruin_house_2,
          nicolae_swamp_some_circles
Swamp:4:  swamp_icy, layout_basic_swamp, nicolae_swamp_decorative_isthmus,
          nicolae_swamp_tree_isthmus
Spider:1: nicolae_spider_hall_of_the_moth_king
Spider:2: layout_spider_delve
Spider:3: layout_spider_delve, ebering_ghost_xom,
          nicolae_spider_twisty_arc_passages, uniq_roxanne
Spider:4: grunt_spider_rune_circles, hangedman_spider_tarantella_strand
Slime:1:  layout_caves
Slime:2:  layout_caves
Slime:3:  layout_caves
Slime:4:  layout_caves
Slime:5:  slime_pit_nicolae_amoeboid
Orc:1:    cheibrodos_orc_bank, layout_diamond_mine, serial_shops, shop_statue,
          nicolae_shop_tiny_glass, nicolae_shop_stone,
          nicolae_shop_just_a_little_nook
Orc:2:    st_orc_mages, layout_diamond_mine, serial_shops, shop,
          nicolae_square_shop, shop, nicolae_shop_peninsula, uniq_jorgrun
Elf:1:    elf_arrival_002, layout_gridlike, serial_shops, shop, minivault_28
Elf:2:    nicolae_elf_blades_splatter_lattice [nicolae_blade_entry_pointy_end],
          layout_geoelf_diagonals
Elf:3:    elf_hall_gauntlet_narrow, layout_onion_city
Vaults:1: portal_desolation_entry_garden, nicolae_vaults_ring_of_whatevers,
          v_rooms_4, nicolae_vaults_tangram_1, nicolae_vaults_network_barrier,
          nicolae_vaults_sesquioval_fish, v_misc_29, nicolae_vaults_wine_cellar,
          nicolae_vaults_more_shelving_1, nicolae_vaults_storage_room_water,
          ontoclasm_vaults_fault, layout_vaults_omnicross, serial_shops,
          nicolae_shop_statue_plus
Vaults:2: minmay_crypt_entry_simple_statues, ontoclasm_vaults_twist,
          vaults_dpeg_diagonal, nicolae_vaults_security_offices_3,
          nicolae_vaults_surprise_closet, nicolae_vaults_network_quinsquares
          [nicolae_vaults_network_quincunx_subvault,
          nicolae_vaults_network_quincunx_subvault,
          nicolae_vaults_network_quincunx_subvault,
          nicolae_vaults_network_quincunx_subvault], nicolae_vaults_apartment_1,
          nicolae_vaults_storage_closets_2, vaults_room_ringed_pool, v_misc_9,
          hangedman_vaults_river_flow, nicolae_vaults_heart-shaped_vault,
          nicolae_vaults_house_2, layout_vaults_big_room, serial_shops, shop,
          uniq_mara
Vaults:3: hellmonk_ghost_happy_afterlife, nicolae_vaults_security_offices_4,
          vaults_room_octagon, nicolae_vaults_prndl, vaults_standard_mumra_x,
          nicolae_vaults_house_2, vaults_mumra_minichess_inversion,
          nicolae_vaults_diamond_1, hangedman_vaults_trim,
          nicolae_vaults_border_crossing, layout_vaults_omnigrid
Vaults:4: grunt_vaults_bifocal, ontoclasm_vaults_idyll,
          nicolae_vaults_big_angled_halls, v_misc_12, vaults_room_boxed,
          grunt_vaults_diagonal, nicolae_vaults_apartment_2,
          nicolae_vaults_two_Ls, nicolae_vaults_double_plus_2, v_misc_5,
          layout_vaults_ring, serial_shops, shop, uniq_jory, uniq_frederick,
          uniq_donald
Vaults:5: uniq_sojobo
Crypt:1:  cheibrodos_crypt_down_in_the_bonehoard, layout_misc_corridors,
          minmay_misc_feat_five, grunt_crypt_arrival_split, uniq_xtahua
Crypt:2:  layout_gridlike, st_stairs_13
Crypt:3:  grunt_crypt_end_deaths_head, uniq_margery
Tomb:1
Tomb:2
Tomb:3
Depths:1: layout_cave_pools, enter_ziggurat_d, hell_entry, old_standard_altar,
          rand_demon_pan_entry_3, chequers_serial_rivers_room_a,
          minmay_misc_feat_hallway, hellmonk_scarab_ruin
Depths:2: minmay_the_grid_square_5x5_5x5_mashed
          [minmay_the_grid_square_5x5_plus,
          minmay_the_grid_square_5x5_inverted_slash,
          minmay_the_grid_square_5x5_inner_v, minmay_the_grid_square_5x5_c,
          minmay_the_grid_square_5x5_intrusive_squares,
          minmay_the_grid_square_5x5_eight,
          minmay_the_grid_square_5x5_prize_snowflake,
          minmay_the_grid_square_5x5_comb,
          minmay_the_grid_square_5x5_prize_waves,
          minmay_the_grid_square_5x5_hourglass,
          minmay_the_grid_square_5x5_lines, minmay_the_grid_square_5x5_three,
          minmay_the_grid_square_5x5_prize_gold,
          minmay_the_grid_square_5x5_bite, minmay_the_grid_square_5x5_bridge,
          minmay_the_grid_square_5x5_shrine1,
          minmay_the_grid_square_5x5_prize_itemx,
          minmay_the_grid_square_5x5_hollow_slash,
          minmay_the_grid_square_5x5_prize_junk,
          minmay_the_grid_square_5x5_sharp_hourglass,
          minmay_the_grid_square_5x5_beaten_path,
          minmay_the_grid_square_5x5_six_small,
          minmay_the_grid_square_5x5_percent,
          minmay_the_grid_square_5x5_dogpile,
          minmay_the_grid_square_5x5_doubleslash], layout_honeycomb,
          grunt_metal_band, pan_entry, nicolae_lava_and_water,
          kennysheep_nondescript, nicolae_custom_books, uniq_josephina
Depths:3: minmay_outward_triangles, layout_gridlike, hell_entry,
          hangedman_abyss_entry_splay, bloody_trog,
          infiniplex_staircase_9_rooms, uniq_saint_roka
Depths:4: evilmike_zot_entry_argh, layout_basic, hangedman_coc_ice_floe,
          fedhas_altar_4
Hell
Dis:1:    layout_gridville, lemuel_mystery_crypt
Dis:2:    layout_jigsaw, nicolae_dis_bowling_alley
Dis:3:    layout_subdivisions, minmay_strange_pillars,
          nicolae_dis_big_boring_drill
Dis:4:    layout_regular_city
Dis:5:    layout_jigsaw, not_door_vault_due
Dis:6:    layout_gridville
Dis:7:    dis_st
Geh:1:    layout_gehenna_lava_caves
Geh:2:    layout_gehenna_pools_box
Geh:3:    layout_gehenna_pools_box
Geh:4:    layout_gehenna_pools_triple
Geh:5:    layout_gehenna_pools_box, nicolae_geh_single_fiery_grave
Geh:6:    layout_gehenna_lava_caves, nicolae_geh_fiery_graves
          [nicolae_geh_single_fiery_grave, nicolae_geh_single_fiery_grave,
          nicolae_geh_single_fiery_grave, nicolae_geh_single_fiery_grave,
          nicolae_geh_single_fiery_grave, nicolae_geh_single_fiery_grave,
          nicolae_geh_single_fiery_grave, nicolae_geh_single_fiery_grave,
          nicolae_geh_single_fiery_grave], nicolae_geh_amphitheater
Geh:7:    geh_grunt_pentagon
Coc:1:    nicolae_hells_demon_pit, layout_ice_bergs
Coc:2:    layout_cocytus_water_paths
Coc:3:    layout_cocytus_water_paths
Coc:4:    layout_cocytus_delve
Coc:5:    nicolae_coc_icebeans_plural [nicolae_sub_coc_subbean,
          nicolae_sub_coc_subbean, nicolae_sub_coc_subbean,
          nicolae_sub_coc_subbean], layout_cocytus_water_paths
Coc:6:    layout_ice_bergs, nicolae_coc_wendigon
Coc:7:    coc_dpeg
Tar:1:    layout_cathedral_of_symmetry
Tar:2:    layout_catacombs
Tar:3:    layout_cathedral_of_symmetry, nicolae_tar_spectre_spectrum
Tar:5:    layout_honeycomb
Tar:6:    layout_grid_maze
Tar:7:    tar_mu [tar_mu_maze]
Zot:1:    layout_gridlike
Zot:2:    lemuel_draconian_sentries_small, layout_basic, grunt_ministairs_7
Zot:3:    layout_twisted_circle, hangedman_zot_decor_scrapings,
          regret_index_zotdec_twisting_globes, uniq_grunn
Zot:4:    infiniplex_zot_generator, layout_cellular_growth, skrybe_zot_glass_1
Zot:5:    layout_basic

Skill      XL: |  1  2  3  4  5  6  7  8  9 10 11 12 13 14 15 16 17 18 19 20 21 22 23 24 25 26 27 |
---------------+----------------------------------------------------------------------------------+-----
Unarmed Combat | 4 5 6 7 8 9 11 12 13 14 15 16 17 18 20 21 22 23 24 27 | 27.0
Shapeshifting  | 4 5 6 7 9 10 11 12 14 16 17 18 19 20 21 22 23 24 25 26 27 | 27.0
Throwing       | 5 8 10 12 13 20 | 20.7
Fighting       | 3 4 6 8 9 10 11 12 13 14 15 16 17 24 | 24.2
Dodging        | 3 5 18 | 18.2
Armour         | 2 4 6 7 8 9 10 11 20 | 20.9
Shields        | 2 5 6 7 8 10 11 12 13 14 15 16 24 | 24.2
Necromancy     | 3 7 12 | 12.1
Spellcasting   | 1 5 9 |  9.1
Evocations     | 11 | 11.0

Action                     |  1- 3 |  4- 6 |  7- 9 | 10-12 | 13-15 | 16-18 | 19-21 | 22-24 | 25-27 || total
---------------------------+-------+-------+-------+-------+-------+-------+-------+-------+-------++-------
  Melee: Unarmed           |    99 |   114 |   235 |   453 |   848 |   871 |   966 |  1200 |  6233 || 11019
         Punch             |       |     8 |    18 |     3 |    26 |       |       |     1 |       ||    56
         Constrict         |       |       |       |    68 |    15 |       |       |       |       ||    83
         Tailslap          |       |       |       |       |     3 |       |       |     1 |       ||     4
         Eveningstar       |       |       |       |       |       |     8 |       |       |       ||     8
         Kick              |       |       |       |       |       |       |       |   294 |  2678 ||  2972
         Bite              |       |       |       |       |       |       |       |     1 |       ||     1
  Throw: Stone             |       |       |       |     1 |       |     1 |       |       |       ||     2
         Boomerang         |       |       |       |       |       |    44 |     9 |    89 |    94 ||   236
         Javelin           |       |       |       |       |       |     5 |     9 |    19 |    95 ||   128
         Throwing net      |       |       |       |       |       |       |       |     4 |       ||     4
         Large rock        |       |       |       |       |       |       |       |       |    54 ||    54
 Invoke: Potion Petition   |       |       |       |       |       |       |     4 |    10 |    52 ||    66
         Renounce Religion |       |       |       |       |       |       |       |       |     1 ||     1
         Bribe Branch      |       |       |       |       |       |       |       |       |     5 ||     5
         Call Merchant     |       |       |       |       |       |       |       |       |     4 ||     4
Ability: Begin Untransform |       |       |       |     1 |     1 |       |     1 |       |     6 ||     9
         Breathe Fire      |       |       |       |       |     3 |       |       |     1 |       ||     4
         Siphon Essence    |       |       |       |       |       |       |       |       |     1 ||     1
  Evoke: Box of beasts     |       |       |       |       |     1 |       |       |     1 |     2 ||     4
         Wand              |       |       |       |       |       |       |       |     1 |    12 ||    13
         Phantom mirror    |       |       |       |       |       |       |       |       |     1 ||     1
    Use: Scroll            |       |       |     8 |    11 |    17 |     3 |     8 |    12 |    40 ||    99
         Potion            |       |       |       |     1 |     3 |     1 |       |    10 |    13 ||    28
   Stab: Distracted        |       |       |       |     2 |     7 |     4 |     3 |     8 |    49 ||    73
         Sleeping          |       |       |       |       |       |       |       |     4 |       ||     4
         Invisible         |       |       |       |       |       |       |       |       |     4 ||     4
 Armour: Animal skin       |    77 |    87 |   166 |    92 |       |       |       |       |       ||   422
         Skin              |       |       |       |   308 |  1405 |  1241 |  1119 |  1170 |       ||  5243
         Fire dragon scale |       |       |       |       |       |       |       |   293 |   408 ||   701
         Gold dragon scale |       |       |       |       |       |       |       |       |  1714 ||  1714
  Dodge: Dodged            |    54 |    37 |    94 |   192 |   728 |   451 |   415 |   464 |   693 ||  3128
         Repelled          |       |       |       |       |    11 |     6 |       |     1 |    51 ||    69
  Block: Kite shield       |       |       |       |       |   409 |   536 |       |       |       ||   945
         Tower shield      |       |       |       |       |       |   456 |  1203 |  1277 |  5088 ||  8024
         Reflection        |       |       |       |       |       |    12 |    81 |    47 |   176 ||   316
   Form: Anaconda          |       |       |       |     2 |     1 |       |       |       |       ||     3
         Statue            |       |       |       |       |     3 |       |     1 |     2 |     1 ||     7
         Maw               |       |       |       |       |     1 |       |       |       |       ||     1
         Dragon            |       |       |       |       |     1 |       |       |     1 |       ||     2
         Death             |       |       |       |       |       |       |       |     2 |     7 ||     9
         Storm             |       |       |       |       |       |       |       |       |     1 ||     1

Table legend: (Time is in decaauts)
 A = Elapsed time spent in this place.
 B = Non-inter-level travel time spent in this place.
 C = Inter-level travel time spent in this place.
 D = Time resting spent in this place.
 E = Time spent auto-exploring this place.
 F = Levels seen in this place.
 G = Mean time per level.
                   A        B        C        D        E       F      G
               +--------+--------+--------+--------+--------+-----+--------+
         Total | 133480 | 123093 |  10387 |  32732 |  50666 | 114 | 1170.9 |
       Dungeon |  20549 |  16716 |   3833 |   4276 |   8261 |  15 | 1369.9 |
        Temple |     24 |     16 |      8 |      0 |      0 |   1 |   24.0 |
          Lair |   9882 |   8913 |    969 |   2422 |   4354 |   5 | 1976.4 |
         Swamp |   6605 |   6350 |    255 |   2639 |   2065 |   4 | 1651.2 |
   Spider Nest |   9457 |   9202 |    255 |   3691 |   2499 |   4 | 2364.2 |
    Slime Pits |   9522 |   9281 |    241 |   3954 |   2238 |   5 | 1904.4 |
  Orcish Mines |   3547 |   3195 |    352 |    897 |   1427 |   2 | 1773.5 |
   Elven Halls |   4840 |   4598 |    242 |   1298 |   2051 |   3 | 1613.3 |
        Vaults |  11453 |  10721 |    732 |   2255 |   5666 |   5 | 2290.6 |
         Crypt |   3551 |   3028 |    523 |    414 |   1785 |   3 | 1183.7 |
          Tomb |   3434 |   3012 |    422 |    405 |   1440 |   3 | 1144.7 |
        Depths |   7289 |   6223 |   1066 |   1864 |   2569 |   4 | 1822.2 |
          Hell |   1240 |   1077 |    163 |    223 |    435 |   1 | 1240.0 |
           Dis |   7223 |   7089 |    134 |   3518 |    551 |   7 | 1031.9 |
       Gehenna |   2858 |   2667 |    191 |    320 |   1397 |   7 |  408.3 |
       Cocytus |   3652 |   3469 |    183 |   1069 |   1292 |   7 |  521.7 |
      Tartarus |   3479 |   3382 |     97 |    239 |   1926 |   6 |  579.8 |
           Zot |   5631 |   4914 |    717 |    821 |   2389 |   5 | 1126.2 |
         Abyss |   1003 |   1003 |      0 |      4 |    221 |   5 |  200.6 |
   Pandemonium |  13988 |  13988 |      0 |   1282 |   7669 |  17 |  822.8 |
         Trove |    263 |    263 |      0 |      0 |      6 |   1 |  263.0 |
        Bailey |    381 |    381 |      0 |    174 |     33 |   1 |  381.0 |
      Ice Cave |   1258 |   1258 |      0 |    499 |     55 |   1 | 1258.0 |
       Volcano |    401 |    401 |      0 |     48 |      0 |   1 |  401.0 |
    Desolation |   1940 |   1940 |      0 |    413 |    333 |   1 | 1940.0 |
               +--------+--------+--------+--------+--------+-----+--------+

Top non-repeatable levels by time:
   Dis:7: 4808 daAuts
 Slime:5: 4402 daAuts
Spider:4: 3169 daAuts
 Swamp:4: 2817 daAuts
  Lair:5: 2666 daAuts
Vaults:3: 2620 daAuts
Spider:3: 2559 daAuts
Vaults:4: 2515 daAuts
Depths:2: 2479 daAuts
  Lair:2: 2463 daAuts
Vaults:2: 2436 daAuts
    D:15: 2430 daAuts
   Orc:2: 2376 daAuts
    D:12: 2332 daAuts
Vaults:5: 2192 daAuts
